 Dungeon Crawl Stone Soup version 0.31-a0-240-gb923e448b6 (webtiles) character file.

Game seed: 2338807510858499365

134 qw the Shooter (level 4, 0/37 HPs)
             Began as a Minotaur Hexslinger on July 11, 2023.
             Slain by Sigmund
             ... wielding a +0 scythe
              (4 damage)
             ... on level 3 of the Dungeon.
             The game lasted 00:00:55 (1917 turns).

qw the Shooter (Minotaur Hexslinger)                Turns: 1917, Time: 00:00:55

Health: 0/37       AC:  5    Str: 13    XL:     4   Next: 95%
Magic:  4/4        EV: 11    Int: 10    God:
Gold:   189        SH:  0    Dex: 14    Spells: 4/5 levels left

rFire   . . .        Y - +2 sling
rCold   . . .        (no shield)
rNeg    . . .        e - +0 ring mail
rPois   .            (helmet restricted)
rElec   .            (no cloak)
rCorr   .            (no gloves)
SInv    .            (no boots)
Will    .....        f - amulet of faith
Stlth   +            (no ring)
HPRegen 0.26/turn    (no ring)
MPRegen 0.09/turn

%: faith
@: no status effects
A: horns 2, retaliatory headbutt
a: no special abilities


You were on level 3 of the Dungeon.
You visited 1 branch of the dungeon, and saw 3 of its levels.

You collected 189 gold pieces.


Innate Abilities, Weirdness & Mutations

You have a pair of horns on your head.
You reflexively headbutt those who attack you in melee.


   Skills:
 + Level 2.8 Fighting
 - Level 5.0 Ranged Weapons
 - Level 1.0 Armour
 - Level 2.1 Dodging
 - Level 1.0 Spellcasting
 - Level 2.0 Hexes


You had 4 spell levels left.
You knew the following spells:

 Your Spells              Type           Power      Damage    Failure   Level
a - Slow                  Hex            16%        N/A       32%         1

Your spell library contained the following spells:

 Spells                   Type           Power      Damage    Failure   Level
 Inner Flame              Hex/Fire       2%         N/A       82%         3
 Portal Projectile        Hex/Tloc       4%         N/A       82%         3
 Cause Fear               Hex            2%         N/A       97%         4

Inventory:

Hand Weapons
 Y - a +2 sling (weapon)
Armour
 e - a +0 ring mail (worn)
Jewellery
 f - an amulet of faith (around neck)
 i - an amulet of reflection
Scrolls
 a - 3 scrolls of identify
 b - a scroll of fog {unknown}
 j - a scroll of revelation {unknown}
Potions
 c - 2 potions of mutation {unknown}
 d - a potion of enlightenment {unknown}
 g - a potion of degeneration {unknown}
 h - a potion of heal wounds {unknown}
 k - a potion of brilliance {unknown}
 l - a potion of curing {unknown}
 n - a potion of magic {unknown}

Dungeon Overview and Level Annotations

Branches:
Dungeon (3/15)

Altars:

Annotations:
D:3 Sigmund


Message History

Enter note:
Enter note:
Enter note:
Enter note: You shoot a sling bullet.
The sling bullet hits Sigmund.
Sigmund is moderately wounded.
You shoot a sling bullet.
The sling bullet completely misses Sigmund.
Sigmund casts a spell at you. The magic dart hits you.
You shoot a sling bullet.
The sling bullet closely misses Sigmund.
Sigmund casts a spell at you.
You are confused.
Sigmund hits you from afar with a +0 scythe!
The goblin barely misses you.
Sigmund hits you from afar with a +0 scythe.
The goblin hits you but does no damage.
Sigmund hits you from afar with a +0 scythe!
The goblin hits you but does no damage. The goblin closely misses you.
Sigmund barely misses you. The goblin completely misses you.
You feel less confused. Sigmund barely misses you.
The goblin completely misses you.
You shoot a sling bullet. The sling bullet hits the goblin.
You kill the goblin!
Sigmund hits you from afar with a +0 scythe!
You shoot a sling bullet.
The sling bullet hits Sigmund but does no damage.
Sigmund is moderately wounded.
Sigmund casts a spell.
Sigmund flickers and vanishes!
Deactivating autopickup; reactivate with Ctrl-A.
You shoot a sling bullet. Something hits you!
You shoot a sling bullet. Something hits you.
You shoot a sling bullet. Something hits you.
You die...

#.......#####..#. ....
######.....###...###.
.....
##.##).........###.....
#..##.................
##...#.........###
###>##.##........
##...##...........
##................(
####..........@){#
#...............##
##.##............#
##..###..........##
...## ##...##...## .###
######.### .# .# .# ##
##


There were no monsters in sight!

Vanquished Creatures
  Jessica (D:3)
  A gnoll (D:3)
  2 adders
  A worm (D:2)
  2 dart slugs
  2 orcs (D:3)
  7 ball pythons
  5 endoplasms
  A giant cockroach (D:1)
  5 goblins
  7 hobgoblins
  A jackal (D:1)
  4 kobolds
  8 quokkas
  10 bats
  4 frilled lizards
  4 rats
65 creatures vanquished.

Notes
Turn   | Place    | Note
-------+----------+-------------------------------------------
     0 | D:1      | qw the Minotaur Hexslinger began the quest for the Orb.
     0 | D:1      | Reached XP level 1. HP: 16/16 MP: 1/1
     0 | D:1      | 0 ||| qw: Version: 0.3-a-52-g30416fa
     0 | D:1      | 0 ||| qw: Game counter: 6029
     0 | D:1      | 0 ||| qw: Melee chars always use a shield: true
     0 | D:1      | 0 ||| qw: God list: Okawaru
     0 | D:1      | 0 ||| qw: Allow faded altars: false
     0 | D:1      | 0 ||| qw: Do Orc after clearing Dungeon:15 true
     0 | D:1      | 0 ||| qw: Do second Lair branch before Depths: true
     0 | D:1      | 0 ||| qw: Lair rune preference: random
     0 | D:1      | 0 ||| qw: Goals: Normal
     0 | D:1      | 0 ||| PLANNING D:1-11
   145 | D:1      | Reached skill level 3 in Ranged Weapons
   145 | D:1      | Reached XP level 2. HP: 23/23 MP: 2/2
   517 | D:1      | Reached XP level 3. HP: 23/29 MP: 3/3
   889 | D:1      | 889 ||| UPGRADING to +0 ring mail.
   899 | D:1      | 899 ||| DROPPING +0 robe.
   900 | D:1      | 900 ||| UPGRADING to amulet of faith.
   905 | D:1      | 905 ||| READING 2 scrolls labelled WOUREROSAOH.
   906 | D:1      | 906 ||| DROPPING scroll of poison.
   933 | D:2      | Reached skill level 4 in Ranged Weapons
  1073 | D:2      | Found a faded altar of an unknown god.
  1155 | D:2      | Reached skill level 1 in Armour
  1250 | D:2      | 1250 ||| FLEEEEING.
  1251 | D:2      | 1251 ||| FLEEEEING.
  1495 | D:2      | Reached XP level 4. HP: 20/36 MP: 4/4
  1585 | D:2      | 1585 ||| READING scroll labelled ARCHU ATE LOU.
  1586 | D:2      | 1586 ||| READING scroll labelled BUYDDI YTSYOTS.
  1587 | D:2      | 1587 ||| READING scroll labelled WOBLYE FAMA.
  1588 | D:2      | 1588 ||| READING scroll labelled GIARAI SAACY.
  1589 | D:2      | 1589 ||| DRINKING 2 purple potions.
  1614 | D:2      | 1614 ||| DROPPING potion of lignification.
  1752 | D:3      | Noticed Jessica
  1754 | D:3      | Killed Jessica
  1755 | D:3      | Reached skill level 5 in Ranged Weapons
  1775 | D:3      | Noticed Sigmund
  1789 | D:3      | 1789 ||| FLEEEEING.
  1915 | D:3      | HP: 6/37 [something (7)]
  1917 | D:3      | Slain by Sigmund

Levels and vault maps discovered:
D:1:      dpeg_arrival_prison, layout_loops_cross, glass_columns_a,
          grunt_decor_arrowhead, minmay_pentomino_z2
D:2:      layout_basic, ebering_ecumenical_altar_mist
D:3:      layout_rooms, uniq_sigmund, uniq_jessica

Skill      XL: |  1  2  3  4 |
---------------+-------------+-----
Ranged Weapons | 3 4 5 |  5.0
Fighting       | 2 |  2.8
Armour         | 1 |  1.0
Dodging        | |  2.1
Spellcasting   | |  1.0
Hexes          | |  2.0

Action                     |  1- 3 |  4- 6 || total
---------------------------+-------+-------++-------
   Fire: Sling             |   155 |    57 ||   212
    Use: Scroll            |     1 |     4 ||     5
         Potion            |       |     1 ||     1
 Armour: Robe              |     9 |       ||     9
         Ring mail         |     2 |     7 ||     9
  Dodge: Dodged            |    59 |    15 ||    74

Table legend:
 A = Non-vault XP
 B = Vault XP
 C = Vault XP percentage of total XP
 D = Non-vault monster count
 E = Vault monster count
 F = Vault count percentage of total count
                 A         B        C        D         E       F
            +---------+---------+-------+---------+---------+-------
      Total |     149 |      43 |  22.4 |      60 |       5 |   7.7
            +---------+---------+-------+---------+---------+-------
        D:1 |      53 |       6 |  10.2 |      29 |       4 |  12.1
        D:2 |      43 |       0 |   0.0 |      17 |       0 |   0.0
        D:3 |      53 |      37 |  41.1 |      14 |       1 |   6.7
            +---------+---------+-------+---------+---------+-------
